 Dungeon Crawl Stone Soup version 0.27.1-34-g3ba077fa99 (webtiles) character file.

Game seed: 18055973238478442779

16662 pkoi the Destroyer (level 12, -12/94 HPs)
             Began as a Yellow Draconian Conjurer on Jan 27, 2022.
             Was a Believer of Sif Muna.
             Mangled by a stone giant (33 damage)
             ... in a volcano.
             The game lasted 00:31:23 (16580 turns).

pkoi the Destroyer (Yellow Draconian Conjurer)     Turns: 16580, Time: 00:31:23

Health: -12/94     AC:  8    Str: 14    XL:     12   Next: 12%
Magic:  19/21      EV: 14    Int: 35    God:    Sif Muna [**....]
Gold:   548        SH:  9    Dex: 11    Spells: 8/23 levels left

rFire    . . .     SeeInvis +   n - +10 trident "Bouxosid" {spect, Str+4 Int+4}
rCold    . . .     Faith    .   w - +5 buckler of Decompression {Drain rElec Int+9 Slay+6}
rNeg     . . .     Spirit   .   (armour unavailable)
rPois    .         Reflect  .   C - +0 hat {SInv}
rElec    +         Harm     .   (no cloak)
rCorr    +         Rampage  .   (no gloves)
Will     +....                  (no boots)
Stlth    ++........             B - amulet of magic regeneration
HPRegen  0.25/turn              s - ring of wizardry
MPRegen  0.42/turn              v - ring of willpower

@: freezing walls
A: spit acid, AC +8, unfitting armour, cold-blooded, acid resistance
a: Breathe Acid, Renounce Religion, Channel Magic


You were in a volcano.
You worshipped Sif Muna.
Sif Muna was pleased with you.
You visited 3 branches of the dungeon, and saw 12 of its levels.
You also visited: Volcano.

You collected 651 gold pieces.
You spent 103 gold pieces at shops.

Inventory:

Hand Weapons
 n - the +10 trident "Bouxosid" (weapon) {spect, Str+4 Int+4}
   (You found it on level 5 of the Dungeon)

   When its wielder attacks, the weapon's spirit leaps out and strikes again.
   The spirit shares a part of any damage it takes with its wielder.
   Str:       It affects your strength (+4).
   Int:       It affects your intelligence (+4).
Missiles
 g - 2 throwing nets
Armour
 b - the +3 pair of seven-league boots {Rampage+∞}
   (You found it in a volcano)

   Its wearer moves as far as possible in that direction when moving towards
   enemies.
 w - the +5 buckler of Decompression (worn) {Drain rElec Int+9 Slay+6}
   (You acquired it on level 9 of the Dungeon)

   Int:       It affects your intelligence (+9).
   Slay:      It affects your accuracy & damage with ranged weapons and melee
   (+6).
   rElec:     It insulates you from electricity.
   Drain:     It drains your maximum health when unequipped.
 C - a +0 hat of see invisible (worn)
Jewellery
 s - a ring of wizardry (left hand)
 v - a ring of willpower (right hand)
 B - an amulet of magic regeneration (around neck)
Wands
 j - a wand of polymorph (13)
 m - a wand of paralysis (6)
 u - a wand of iceblast (33)
Scrolls
 d - 2 scrolls of amnesia
 k - 5 scrolls of teleportation
 p - a scroll of brand weapon
 r - 2 scrolls of identify
 t - 2 scrolls of fear
 x - 2 scrolls of enchant weapon
 y - a scroll of fog
 z - a scroll of blinking
Potions
 a - 2 potions of might
 c - a potion of magic
 e - a potion of invisibility
 h - 2 potions of haste
 o - 4 potions of flight
 q - 4 potions of curing
 D - a potion of berserk rage


   Skills:
 - Level 5.3 Fighting
 * Level 9.3 Polearms
 + Level 7.5 Dodging
 - Level 1.7 Stealth
 - Level 4.0 Shields
 - Level 6.1 Spellcasting
 - Level 11.7 Conjurations
 + Level 2.8 Fire Magic
 - Level 4.7 Ice Magic
 + Level 2.8 Earth Magic


You had 8 spell levels left.
You knew the following spells:

 Your Spells              Type           Power      Damage    Failure   Level
a - Magic Dart            Conj           100%       1d8       1%          1
b - Searing Ray           Conj           100%       3d7       1%          2
c - Hailstorm             Conj/Ice       62%        3d13      1%          4
d - Frozen Ramparts       Ice            88%        1d10      1%          3
e - Bolt of Magma         Conj/Fire/Erth 25%        4d12      4%          5

Your spell library contained the following spells:

 Spells                   Type           Power      Damage    Failure   Level
 Freeze                   Ice            100%       1d11      1%          1
 Pain                     Necr           40%        1d6       1%          1
 Dazzling Flash           Conj/Hex       100%       N/A       1%          3
 Stone Arrow              Conj/Erth      100%       3d13      1%          3
 Fulminant Prism          Conj/Hex       25%        3d14      1%          4
 Iskenderun's Mystic Bla  Conj/Tloc      51%        2d11      1%          4
 Agony                    Necr           10%        N/A       38%         5
 Excruciating Wounds      Necr           5%         N/A       38%         5
 Shatter                  Erth           15%        3d15*     100%        9


Dungeon Overview and Level Annotations

Branches:
Dungeon (10/15)            Temple (1/1) D:4            Lair (1/6) D:9
Volcano (1/1)
    Orc: D:9-12

Altars:
Ashenzari
Cheibriados
Dithmenos
Elyvilon
Fedhas
Gozag
Hepliaklqana
Kikubaaqudgha
Makhleb
Nemelex Xobeh
Okawaru
Qazlal
Ru
Sif Muna
Trog
Uskayaw
Vehumet
Wu Jian
Xom
Yredelemnul
Zin
The Shining One

Shops:
D:5 [   D:7 ?   D:10 (!!

Annotations:
D:6 1 runed translucent door
D:7 2 runed translucent doors


Innate Abilities, Weirdness & Mutations

You can spit globs of acid.
Your golden yellow scales are hard. (AC +8)
You cannot fit into any form of body armour.
You are cold-blooded and may be slowed by cold attacks.
You are resistant to acid. (rCorr)


Message History

D - a potion of berserk rage You see here a +0 bardiche of flaming.
You see here a +3 scimitar of flaming.
You see here a +0 flail.
A gargoyle is nearby!
All monsters which could be auto-targeted are covered by a wall or statue which interrupts your line of fire, even though it doesn't interrupt your line of sight.
Reach: n) +10 trident "Bouxosid" {spect, Str+4 Int+4}
Press: ? - help, Dir - move target, f - you
Okay, then.
Unknown command.
You start resting.
The stone giant throws a large rock.
The large rock misses you.
You see here 4 large rocks.
The stone giant throws a large rock.
The large rock hits you.
* * * LOW HITPOINT WARNING * * *
You see here a +3 scimitar of flaming.
The stone giant hits you!!
* * * LOW HITPOINT WARNING * * *
You see here a +0 flail.
Casting: Hailstorm (mildly dangerous; 1% risk of failure)
Confirm with . or Enter, or press ? or * to list all spells.
Casting: Frozen Ramparts (safe; 1% risk of failure)
Press: ? - help, Dir - look around, f - activate The walls around you are covered in ice.
The wall freezes the stone giant.
You block the stone giant's attack.
You hit the stone giant but do no damage.
The stone giant is lightly wounded.
Your +10 trident "Bouxosid" {spect, Str+4 Int+4} hits the stone giant from afar!
A molten gargoyle comes into view. It is wielding a +0 mace.
Unknown command.
You puncture the stone giant!
The stone giant is lightly wounded.
Your +10 trident "Bouxosid" {spect, Str+4 Int+4} hits the stone giant from afar.
The wall freezes the stone giant.
You block the stone giant's attack.
Unknown command.
You puncture the stone giant!
The stone giant is moderately wounded.
Your +10 trident "Bouxosid" {spect, Str+4 Int+4} hits the stone giant!!
The wall freezes the stone giant!
The stone giant hits you!!
You die...

########'########
##....##...##....##
#.....9'.∩.'......#
#.8.C⌠.#.9.#.⌠..8.#
#$.....##E##......#
##....##...##....##
###8###...###8###
#E![#._.C(..##
."$$+ #@)(.# ######
######


You could see a stone giant, an earth elemental, a gargoyle and a friendly +10
trident "Bouxosid" {spect, Str+4 Int+4} (summoned).

Vanquished Creatures
  Gastronok (D:9)
  2 two-headed ogres
  An ugly thing (D:7)
  Maurice (D:9)
  2 gargoyles
  2 komodo dragons
  A cane toad (Lair:1)
  Psyche (D:10)
  An efreet (Volcano)
  4 blink frogs (Lair:1)
  11 yaks
  5 fire bats (Volcano)
  2 vampire mosquitoes (D:7)
  3 wyverns
  A fire elemental (Volcano)
  2 steam dragons
  Grum (D:9)
  2 acid dragons
  2 water moccasins
  Menkaure (D:4)
  3 orc warriors
  2 sky beasts (D:7)
  A hornet zombie (D:7)
  3 black bears
  4 necrophages
  4 ice beasts
  4 ogres
  2 wolves (D:9)
  10 centaurs
  5 kobold brigands
  3 bullfrogs
  A gnoll sergeant (D:9)
  An earth elemental (Volcano)
  3 scorpions
  2 wyvern skeletons (D:7)
  A killer bee (D:7)
  18 wights
  A howler monkey (D:8)
  A crimson imp (D:9)
  7 lava snakes (Volcano)
  5 centaur zombies
  A hound (D:7)
  8 orc priests
  4 iguanas
  3 jellies
  A centaur skeleton (D:5)
  A bullfrog skeleton (D:6)
  12 orc wizards
  A scorpion zombie (D:5)
  A hound skeleton (D:5)
  A howler monkey zombie (D:7)
  7 gnolls
  5 adders
  3 white imps
  2 ufetubi
  2 worms (D:2)
  A dart slug (D:1)
  56 orcs
  11 endoplasms
  3 giant cockroaches
  5 goblins
  6 hobgoblins
  7 jackals
  5 quokkas
  8 ball pythons
  10 frilled lizards
  31 kobolds
  4 rats
  A spectral kobold (D:5)
327 creatures vanquished.

Vanquished Creatures (others)
  8 fungi (Lair:1)
  3 plants (Lair:1)
11 creatures vanquished.

Grand Total: 338 creatures vanquished

Notes
Turn   | Place    | Note
-------+----------+-------------------------------------------
     0 | D:1      | pkoi the Draconian Conjurer began the quest for the Orb.
     0 | D:1      | Reached XP level 1. HP: 14/14 MP: 3/3
   185 | D:1      | Reached XP level 2. HP: 9/20 MP: 0/5
   469 | D:1      | Learned a level 2 spell: Searing Ray
  1599 | D:2      | Reached XP level 3. HP: 26/26 MP: 2/6
  1691 | D:2      | Reached skill level 5 in Conjurations
  1840 | D:2      | Noticed an ogre
  1847 | D:2      | Killed an ogre
  1848 | D:2      | Reached XP level 4. HP: 33/33 MP: 2/8
  1848 | D:2      | Reached XP level 5. HP: 38/38 MP: 2/9
  1924 | D:2      | Found a stormy altar of Qazlal.
  2146 | D:2      | Reached skill level 6 in Conjurations
  2311 | D:2      | Found a faded altar of an unknown god.
  3659 | D:3      | Reached XP level 6. HP: 45/45 MP: 9/11
  4079 | D:4      | Reached skill level 7 in Conjurations
  4176 | D:4      | Your scales start taking on a golden yellow colour.
  4176 | D:4      | Reached XP level 7. HP: 50/50 MP: 8/13
  4176 | D:4      | Gained mutation: You are resistant to acid. (rCorr) [Yellow
                  | Draconian growth]
  4476 | D:4      | Reached skill level 8 in Conjurations
  4525 | D:4      | Noticed Menkaure
  4809 | D:4      | Killed Menkaure
  4937 | D:4      | Found a staircase to the Ecumenical Temple.
  4946 | Temple   | Entered the Ecumenical Temple
  5154 | D:4      | Found a hide-covered altar of Uskayaw.
  6156 | D:5      | Entered Level 5 of the Dungeon
  6165 | D:5      | Identified the +10 trident "Bouxosid" {spect, Str+4 Int+4}
  6170 | D:5      | Reached skill level 9 in Conjurations
  6210 | D:5      | Identified the +7 trident "Uweurchusm" {holy, Fragile rCorr
                  | Dex+8}
  6213 | D:5      | Reached skill level 1 in Fighting
  6213 | D:5      | Reached XP level 8. HP: 59/59 MP: 0/14
  6228 | D:5      | Reached skill level 1 in Polearms
  6617 | D:5      | Found a white marble altar of Elyvilon.
  6880 | D:5      | Found Quaxay's Armour Emporium.
  6970 | D:5      | Found a hazy altar of Hepliaklqana.
  7399 | D:6      | Reached skill level 10 in Conjurations
  7698 | D:6      | Reached XP level 9. HP: 69/70 MP: 15/15
  8119 | D:6      | Found an opulent altar of Gozag.
  8119 | D:6      | Found a sacrificial altar of Ru.
  8122 | D:6      | Found a stormy altar of Qazlal.
  8123 | D:6      | Found a shimmering blue altar of Sif Muna.
  8184 | D:6      | Found a runed translucent door.
  8205 | D:6      | Learned a level 4 spell: Hailstorm
  8461 | D:7      | Found Gueny's Magic Scroll Emporium.
  8470 | D:7      | Bought a scroll of fear for 49 gold pieces
  8470 | D:7      | Bought a scroll of teleportation for 42 gold pieces
  9015 | D:7      | Found a large runed translucent door.
  9015 | D:7      | Found a large runed translucent door.
  9043 | D:7      | Reached skill level 1 in Ice Magic
  9045 | D:7      | Noticed a gargoyle
  9051 | D:7      | Killed a gargoyle
  9093 | D:7      | Reached skill level 11 in Conjurations
  9392 | D:7      | Noticed a komodo dragon
  9407 | D:7      | Identified the +4 short sword of Nisaisk {antimagic, Dex+2}
  9428 | D:7      | Found a large runed translucent door.
  9428 | D:7      | Found a large runed translucent door.
  9637 | D:7      | Learned a level 3 spell: Frozen Ramparts
  9923 | D:7      | Reached XP level 10. HP: 38/80 MP: 5/17
 10123 | D:7      | Noticed a green ugly thing
 10133 | D:7      | Killed a green ugly thing
 10134 | D:7      | Reached skill level 5 in Fighting
 10134 | D:7      | Reached skill level 5 in Spellcasting
 10467 | D:7      | Reached skill level 5 in Polearms
 10474 | D:7      | Reached skill level 5 in Dodging
 12092 | D:8      | Noticed a two-headed ogre
 12101 | D:8      | Killed a two-headed ogre
 12202 | D:6      | Became a worshipper of Sif Muna the Loreminder
 12315 | D:8      | Reached XP level 11. HP: 66/88 MP: 20/20
 12575 | D:8      | Learned a level 5 spell: Bolt of Magma
 13078 | D:9      | Found a staircase to the Lair.
 13544 | D:9      | Noticed Maurice
 13548 | D:9      | Killed Maurice
 13561 | D:9      | Noticed Gastronok
 13890 | D:9      | Noticed Grum
 13898 | D:9      | Killed Grum
 14085 | D:9      | Reached * piety under Sif Muna
 14334 | D:9      | Found a burning altar of Makhleb.
 14335 | D:9      | Found a radiant altar of Vehumet.
 14445 | D:9      | Killed Gastronok
 14470 | D:9      | Identified a scroll of acquirement
 14470 | D:9      | Acquired the +5 buckler of Decompression {Drain rElec Int+9
                  | Slay+6}
 14659 | D:10     | Entered Level 10 of the Dungeon
 14667 | D:10     | Found Aniax's Weapon Shop.
 14669 | D:10     | Noticed Psyche
 14673 | D:10     | Killed Psyche
 14674 | D:10     | Reached skill level 1 in Shields
 14721 | D:10     | Found Abrul's Distillery.
 14978 | D:10     | Noticed a two-headed ogre
 14991 | D:10     | Killed a two-headed ogre
 15201 | D:10     | Found Amunifoq's Distillery.
 15209 | D:10     | Bought a potion of degeneration for 12 gold pieces
 15519 | D:10     | Reached skill level 1 in Fire Magic
 15519 | D:10     | Reached skill level 1 in Earth Magic
 15651 | Lair:1   | Entered Level 1 of the Lair of Beasts
 16143 | Lair:1   | Found a dark tunnel.
 16151 | Volcano  | Entered a volcano
 16172 | Volcano  | Reached ** piety under Sif Muna
 16202 | Volcano  | Reached XP level 12. HP: 73/94 MP: 10/21
 16460 | Volcano  | Noticed a stone giant
 16460 | Volcano  | Found the +3 pair of seven-league boots {Rampage+∞}
 16487 | Volcano  | Found the necklace of Bloodlust {*Rage +Rage Will++ Int-3
                  | Slay+6}
 16497 | Volcano  | Found a bloodstained altar of Trog.
 16580 | Volcano  | Mangled by a stone giant

Illustrated notes

Levels and vault maps discovered:
D:1:      shiori_arrival_oz, layout_basic, minmay_lizard_pond
D:2:      layout_loops_ring, basic_altar, shapermc_ecumenical_altar_ellora
D:3:      layout_rooms, minmay_misc_feat_roman
D:4:      layout_gridville, mainiacjoe_overflow_alcove_4,
          minmay_temple_entry_stoned_glass, nrook_mini_backslash, uniq_menkaure
D:5:      layout_basic, kennysheep_mini_moat,
          nicolae_hepliaklqana_monster_ancestors, serial_shops,
          nicolae_shop_statue_plus, dk_vineyard_3
D:6:      layout_loops_cross, minitemple, lightli_church_of_beogh
D:7:      minmay_slanted_spiral_squares, layout_basic, serial_shops,
          shop_statue, minmay_hollow_rounded_squares
D:8:      layout_rooms, kennysheep_minor_cross
D:9:      layout_loops_ring, grunt_temple_overflow_lords_of_destruction,
          lair_entry_dummy, kennysheep_crisscross, minivault_16, uniq_maurice,
          uniq_grum, uniq_gastronok
D:10:     layout_roguey, serial_shops, nicolae_take_the_stairs,
          nicolae_shop_competitors_out_of_business, shop, uniq_psyche
Temple:   dshaligram_water_room_temple
Lair:1:   layout_layer_cave, enter_volcano_1, uniq_erica
Volcano:  volcano_grotto [vgs_many_chambers]

Skill      XL: |  1  2  3  4  5  6  7  8  9 10 11 |
---------------+----------------------------------+-----
Conjurations   | 5 6 7 9 10 11 | 11.7
Spellcasting   | 3 4 6 |  6.1
Fighting       | 1 3 4 5 |  5.3
Dodging        | 2 3 4 5 7 |  7.5
Polearms       | 3 4 5 9 |  9.3
Ice Magic      | 2 4 |  4.7
Shields        | 4 |  4.0
Fire Magic     | 2 |  2.8
Earth Magic    | 2 |  2.8
Stealth        | |  1.7

Action                   |  1- 3 |  4- 6 |  7- 9 | 10-12 || total
-------------------------+-------+-------+-------+-------++-------
Melee: Unarmed           |    24 |       |       |       ||    24
       Tailslap          |     4 |     2 |    10 |     6 ||    22
       Whip              |    15 |    16 |     9 |       ||    40
       Trident           |       |       |    71 |   123 ||   194
 Cast: Magic Dart        |    44 |    50 |    66 |    45 ||   205
       Searing Ray       |     2 |    17 |    30 |    33 ||    82
       Frozen Ramparts   |       |       |     1 |    20 ||    21
       Hailstorm         |       |       |       |    13 ||    13
 Abil: Breathe Acid      |       |       |     1 |     1 ||     2
  Use: Scroll            |       |     4 |     3 |    12 ||    19
       Potion            |       |     2 |       |     1 ||     3
 Stab: Sleeping          |       |       |     4 |     1 ||     5
       Distracted        |       |       |     1 |       ||     1
Armor: Skin              |    12 |    12 |    26 |    20 ||    70
Dodge: Dodged            |    33 |    26 |    61 |    80 ||   200
Block: Buckler           |       |       |       |    18 ||    18
